 Dungeon Crawl Stone Soup version 0.30.0-29-ga12c61a403 (webtiles) character file.

Game seed: 9165402906900277908

144 cheesebisquit the Insei (level 5, 0/38 HPs)
             Began as a Merfolk Transmuter on June 24, 2023.
             Slain by Grinder (7 damage)
             ... on level 3 of the Dungeon.
             The game lasted 00:09:36 (3094 turns).

cheesebisquit the Insei (Merfolk Transmuter)        Turns: 3094, Time: 00:09:37

Health: 0/38       AC:  7    Str: 10    XL:     5   Next: 27%
Magic:  8/8        EV: 12    Int: 14    God:
Gold:   127        SH:  0    Dex: 15    Spells: 2/8 levels left

rFire   . .          .
                       - Unarmed
rCold   . . .        (no shield)
rNeg    . . .        h - +0 leather armour
rPois   .            e - melded +0 helmet
rElec   .            (no cloak)
rCorr   +            (no gloves)
SInv    .            (boots currently unavailable)
Will    .....        q - amulet of magic regeneration
Stlth   ++           l - ring of resist corrosion
HPRegen 0.26/turn    t - +4 ring of protection
MPRegen 0.51/turn

%: no passive effects
@: appendages, very slightly contaminated
A: horns 2, (nimble swimmer 2), mertail
a: End Transformation


You were on level 3 of the Dungeon.
You had temporarily grown beastly horns.
You visited 1 branch of the dungeon, and saw 3 of its levels.

You collected 127 gold pieces.

Inventory:

Hand Weapons
 c - a +0 mace of venom
Armour
 a - a +0 robe
 e - a +0 helmet (melded)
 h - a +0 leather armour (worn)
Jewellery
 l - a ring of resist corrosion (left hand)
 q - an amulet of magic regeneration (around neck)
 t - a +4 ring of protection (right hand)
Wands
 r - a wand of charming (10)
Scrolls
 d - a scroll of torment {unknown}
 i - 2 scrolls of teleportation {unknown}
 j - 3 scrolls of identify {unknown}
 m - a scroll of enchant armour {unknown}
Potions
 b - a potion of lignification
 g - a potion of curing
 k - 2 potions of mutation {unknown}
 n - a potion of magic {unknown}
 o - 2 potions of invisibility {unknown}
 p - a potion of ambrosia {unknown}
 s - a potion of haste {unknown}


   Skills:
 - Level 2.0 Fighting
 + Level 1.5 Armour
 - Level 2.6 Dodging
 - Level 2.0 Stealth
 - Level 5.0 Unarmed Combat
 - Level 2.0 Spellcasting
 - Level 2.6 Transmutations


You had 2 spell levels left.
You knew the following spells:

 Your Spells              Type           Power      Damage    Failure   Level
a - Beastly Appendage     Tmut           16%        N/A       11%         1
b - Wereblood             Tmut           8%         N/A       16%         2
c - Spider Form           Tmut/Pois      5%         N/A       47%         3

Your spell library contained the following spells:

 Spells                   Type           Power      Damage    Failure   Level
 Magic Dart               Conj           4%         1d3       30%         1
 Searing Ray              Conj           2%         2d4       43%         2
 Ice Form                 Ice/Tmut       5%         N/A       87%         4
 Petrify                  Tmut/Erth      5%         N/A       87%         4
 Fulminant Prism          Conj/Hex       0%         3d5       97%         4
 Yara's Violent Unravell  Hex/Tmut       2%         3d3       99%         5
 Fire Storm               Conj/Fire      0%         6d1       100%        9


Dungeon Overview and Level Annotations

Branches:
Dungeon (3/15)

Altars:
Qazlal

Shops:
D:2 *

Annotations:
D:3 Grinder


Innate Abilities, Weirdness & Mutations

You have temporarily grown beastly horns.
((You are very nimble when in or above water. (Stealth+, EV+, Speed+++)))
Your lower body shifts to a powerful aquatic tail in water.


Message History

The poisoned dart closely misses Grinder.
Okay, then.
Grinder says, "Don't move a muscle."
Grinder gestures at you. You resist with significant effort.
You see here a poisoned dart.
You hit Grinder.
Grinder is lightly wounded.
Grinder hits you but does no damage.
You closely miss Grinder. You headbutt Grinder!
Grinder is moderately wounded.
You barely miss Grinder. You headbutt Grinder.
Grinder is heavily wounded.
Your horns disappear.
Your +0 helmet unmelds from your body.
Grinder hits you.
You writhe in agony.
Casting: Beastly Appendage (safe; 11% risk of failure)
Press: ? - help, Q - select action, (/) - cycle Dir - look around, f - activate You miscast Beastly Appendage.
You are very lightly contaminated with residual magic.
Nothing appears to happen.
Grinder hits you.
You writhe in agony.
Casting: Beastly Appendage (safe; 11% risk of failure)
Press: ? - help, Q - select action, (/) - cycle Dir - look around, f - activate You grow a pair of large bovine horns.
Your +0 helmet melds into your body.
Grinder blinks!
You hit Grinder but do no damage. Your headbutt misses Grinder.
Your punch misses Grinder.
Grinder is heavily wounded.
Grinder hits you but does no damage.
You barely miss Grinder. Your headbutt misses Grinder.
Grinder is heavily wounded.
Grinder gestures at you. Pain shoots through your body!
* * * LOW HITPOINT WARNING * * *
It was a potion of curing.
You feel better. Grinder hits you!
* * * LOW HITPOINT WARNING * * *
You writhe in agony.
* * * LOW HITPOINT WARNING * * *
You feel better. Grinder hits you!
You die...

####...# ####.......... #..##
################ ##.### #......#
##########...####......#
#..............#.......#
#.#####................#
#.#...+..............).#########
##.#.###............)...#........
.#....##...(....@5......#.......#
.###..##...(.....#......#......##
......##...(.....#......#.....##⌠
#####.###...###...............#..
............# #.....##........#.>
##..........# #.....##........#..
#..........# #.....##........##⌠
#...÷......# #.....##.........##
#..........# ########.........##


You could see Grinder.

Vanquished Creatures
  6 adders
  2 gnolls (D:1)
  An ufetubus (D:3)
  4 dart slugs
  4 bats
  6 endoplasms
  5 giant cockroaches
  5 goblins
  7 hobgoblins
  A quokka (D:2)
  5 ball pythons
  6 frilled lizards
  A kobold (D:1)
  6 rats
59 creatures vanquished.

Notes
Turn   | Place    | Note
-------+----------+-------------------------------------------
     0 | D:1      | cheesebisquit the Merfolk Transmuter began the quest for
                  | the Orb.
     0 | D:1      | Reached XP level 1. HP: 15/15 MP: 3/3
   130 | D:1      | Reached XP level 2. HP: 17/21 MP: 1/5
   194 | D:1      | Reached skill level 4 in Unarmed Combat
   348 | D:1      | Reached XP level 3. HP: 26/26 MP: 4/6
   868 | D:1      | Reached skill level 5 in Unarmed Combat
  1039 | D:2      | Found a faded altar of an unknown god.
  1043 | D:2      | Learned a level 2 spell: Wereblood
  1047 | D:2      | Learned a level 3 spell: Spider Form
  1156 | D:2      | Found Faloniodgh's Assorted Antiques.
  1205 | D:2      | Reached XP level 4. HP: 22/33 MP: 5/7
  1578 | D:2      | Got the Spellbook of Reshaped Immolation
  1596 | D:2      | Reached skill level 1 in Stealth
  2618 | D:3      | Reached XP level 5. HP: 38/38 MP: 8/8
  2628 | D:3      | Reached skill level 1 in Armour
  2769 | D:3      | Found a stormy altar of Qazlal.
  2785 | D:3      | Noticed Grinder
  2787 | D:3      | Paralysed by Grinder for 4 turns
  3094 | D:3      | Slain by Grinder

Illustrated notes

Levels and vault maps discovered:
D:1:      lightli_arrival_flooded_house, layout_basic
D:2:      layout_basic, shapermc_ecumenical_altar_notcrosses, serial_shops,
          nicolae_shop_overgrown_old_shop, minmay_heptomino_o4
D:3:      layout_basic, lemuel_tele_altar, grunt_ministairs_7, uniq_grinder

Skill      XL: |  1  2  3  4  5 |
---------------+----------------+-----
Unarmed Combat | 4 5 |  5.0
Fighting       | 2 |  2.0
Stealth        | 2 |  2.0
Armour         | 1 |  1.5
Dodging        | |  2.6
Spellcasting   | |  2.0
Transmutations | |  2.6

Action                     |  1- 3 |  4- 6 || total
---------------------------+-------+-------++-------
  Melee: Unarmed           |    90 |   134 ||   224
         Headbutt          |     9 |    26 ||    35
         Punch             |     2 |       ||     2
  Throw: Dart              |       |     5 ||     5
   Cast: Beastly Appendage |    23 |    27 ||    50
    Use: Potion            |       |     2 ||     2
   Stab: Distracted        |       |     1 ||     1
         Sleeping          |       |     1 ||     1
 Armour: Robe              |     5 |       ||     5
         Leather armour    |    11 |    38 ||    49
  Dodge: Dodged            |    60 |    82 ||   142
